Map: Dusk Towers

Players

blackxored - Winner!

  • Race: Zerg Zerg
  • League: Diamond

Noxa

  • Race: Terran Terran
  • League: Platinum

VOD

Have the link to the VOD?

Description

Time

  • Played on: July 3, 2016, 12:23 p.m.
  • Length: 22:00
Show
View Real Time Build Order
Export as new Build Order

blackxored Zerg - Winner!

Build Orders: Hatch First 

Get SALT Encoding   

  12  0:01  Drone  
  13  0:10  Drone  
  14  0:17  Overlord  
  14  0:24  Extractor  
  14  0:25  Drone  
  15  0:36  Drone  
  15  0:37  Drone  
  17  0:53  Hatchery  
  17  0:56  Drone  
  17  0:58  Drone  
  18  1:10  Extractor  
  17  1:12  Spawning Pool  
  17  1:16  Drone  
  17  1:20  Drone  
  18  1:29  Drone  
  19  1:39  Overlord  
  19  1:53  Drone  
  20  2:02  Zergling x2  
  20  2:03  Queen  
  20  2:05  Queen  
  20  2:06  Zergling x2  
  26  2:11  Zergling x2  
  26  2:13  Metabolic Boost  
  27  2:25  Drone x2  
  28  2:48  Overlord  
  28  2:52  Hatchery  
  28  2:54  Drone x4  
  28  2:55  Drone  
  32  3:00  Pneumatized Carapace  
  32  3:14  Queen  
  32  3:17  Drone x3  
  37  3:21  Overlord  
  37  3:30  Drone x2  
  37  3:31  Drone x2  
  37  3:33  Drone  
  42  3:36  Drone  
  43  3:41  Overlord  
  43  3:54  Roach Warren, Drone  
  43  3:57  Queen  
  43  4:00  Queen  
  47  4:21  Drone x9  
  47  4:22  Queen  
  58  4:25  Overlord  
  58  4:28  Overlord  
  58  4:38  Roach x3  
  64  4:52  Roach x7  
  65  5:20  Roach x6  
  76  5:28  Drone x3  
  76  5:38  Overlord  
  76  5:39  Overlord  
  76  5:41  Spore Crawler  
  75  5:44  Drone x3  
  78  5:53  Spore Crawler  
  78  5:54  Spore Crawler  
  76  6:05  Baneling Nest  
  76  6:06  Drone  
  76  6:08  Drone x9  
  76  6:09  Drone  
  86  6:16  Drone  
  86  6:18  Lair  
  87  6:20  Queen  
  87  6:25  Extractor, Hatchery  
  87  6:28  Hatchery  
  87  6:29  Zergling x2  
  87  6:35  Extractor  
  87  6:36  Roach x2  
  87  6:37  Extractor, Zergling x2  
  87  6:38  Extractor  
  87  6:39  Overlord x3  
  89  6:41  Overlord x2  
  89  6:51  Extractor, Drone  
  89  6:53  Drone  
  90  6:59  Drone x2  
  90  7:01  Drone x3  
  95  7:02  Drone x3  
  95  7:03  Zergling x4  
  100  7:10  Drone x3  
  100  7:11  Zergling x2  
  104  7:17  Centrifical Hooks  
  104  7:21  Drone x2  
  107  7:22  Zergling x2  
  107  7:23  Evolution Chamber  
  107  7:24  Baneling, Evolution Chamber  
  107  7:25  Baneling  
  107  7:28  Zergling x6  
  108  7:32  Drone x2  
  108  7:36  Zergling x4  
  108  7:37  Zergling x6  
  115  7:41  Overlord  
  115  7:42  Overlord x3  
  115  7:50  Queen  
  117  7:51  Zergling x6  
  117  7:52  Zergling x8  
  117  7:54  Baneling x14  
  124  8:03  Drone  
  124  8:04  Spire  
  124  8:05  Zergling x8  
  128  8:06  Zergling x2  
  128  8:07  Overseer  
  129  8:29  Zergling x28  
  129  8:30  Zergling x6  
  145  8:37  Roach x4  
  152  8:47  Zergling x4  
  152  8:48  Zergling x12  
  123  9:11  Zergling x2  
  123  9:12  Zergling x30  
  138  9:28  Zergling x2  
  138  9:29  Zergling x26  
  152  9:44  Zerg Melee Weapons Level 1, Zerg Ground Armor Level 1  
  152  9:47  Drone x3  
  152  9:48  Drone x4  
  159  9:54  Drone x4  
  163  10:00  Hatchery  
  163  10:01  Overseer  
  163  10:03  Baneling x11  
  162  10:08  Infestation Pit, Drone  
  162  10:14  Extractor  
  162  10:15  Extractor  
  162  10:17  Overlord x3  
  162  10:18  Overlord  
  160  10:21  Overlord  
  160  10:24  Zerg Flyer Armor Level 1  
  160  10:30  Spore Crawler  
  159  10:40  Mutalisk x7  
  173  10:48  Zergling x2  
  173  10:49  Zergling x16  
  182  11:00  Hive  
  168  11:31  Corruptor x3  
  168  11:32  Corruptor x6  
  175  11:33  Corruptor  
  175  11:38  Drone x2  
  175  11:39  Drone x3  
  190  11:43  Zerg Melee Weapons Level 2  
  190  11:44  Zerg Ground Armor Level 2  
  190  11:47  Overlord  
  190  12:00  Zergling x18  
  190  12:01  Overlord x4  
  199  12:23  Drone  
  199  12:24  Ultralisk Cavern  
  199  12:33  Drone  
  200  12:47  Spine Crawler  
  200  12:50  Zergling x28, Spore Crawler, Spine Crawler x3  
  200  12:51  Zergling x30, Spine Crawler  
  187  12:54  Baneling x6, Spine Crawler  
  186  12:59  Ravager x7  
  186  13:00  Ravager x3  
  186  13:05  Zergling x8  
  177  13:17  Baneling x10  
  177  13:18  Baneling x5  
  132  13:41  Ultralisk x3  
  144  13:43  Chitinous Plating  
  150  14:13  Ultralisk x2  
  150  14:16  Zerg Melee Weapons Level 3  
  162  14:22  Extractor  
  162  14:23  Extractor  
  160  14:27  Zerg Ground Armor Level 3  
  160  14:28  Hatchery  
  160  14:30  Overseer  
  138  14:48  Ultralisk  
  138  14:49  Ultralisk  
  142  14:59  Ultralisk  
  142  15:06  Ultralisk  
  136  15:12  Zergling x18  
  145  15:19  Drone x3  
  145  15:20  Drone x2  
  150  15:23  Drone  
  151  15:30  Ultralisk  
  157  15:42  Ultralisk  
  163  15:54  Greater Spire  
  163  15:55  Ultralisk  
  166  16:09  Spore Crawler  
  166  16:11  Spine Crawler  
  164  16:13  Spine Crawler  
  164  16:15  Drone x7  
  164  16:16  Drone x6  
  176  16:26  Ultralisk  
  182  16:43  Baneling x2  
  182  16:51  Overseer x2  
  173  17:04  Zergling x40  
  173  17:05  Zergling x10  
  148  17:20  Zergling x28  
  151  17:27  Ultralisk  
  154  17:33  Ultralisk  
  159  17:49  Ultralisk  
  165  17:54  Hatchery  
  165  17:55  Extractor, Ultralisk  
  165  17:56  Extractor  
  168  18:01  Overseer  
  168  18:03  Ultralisk  
  170  18:16  Ultralisk  
  148  18:21  Ultralisk  
  149  18:33  Zergling x8  
  149  18:34  Zergling x22  
  164  18:44  Ultralisk  
  164  18:45  Zergling x6  
  151  19:05  Ultralisk x2  
  151  19:06  Zergling x12  
  167  19:14  Corruptor x2  
  168  19:22  Zergling x16  
  176  19:26  Baneling x4  
  176  19:27  Baneling x4  
  176  19:28  Baneling  
  176  19:37  Ultralisk  
  176  19:38  Zergling x6  
  180  19:57  Zergling x2  
  180  19:58  Zergling x28  
  193  20:12  Overlord x2  
  186  20:30  Hatchery  
  182  20:40  Corruptor x2  
  182  20:41  Corruptor x7  
  182  20:42  Corruptor  
  196  20:50  Baneling  
  196  20:51  Baneling x7  
Show
View Real Time Build Order
Export as new Build Order

Noxa Terran 

Build Orders: MMM Bio 

Get SALT Encoding   

  12  0:01  SCV  
  13  0:13  SCV  
  14  0:18  Supply Depot  
  14  0:25  SCV  
  15  0:40  SCV  
  15  0:41  Barracks  
  16  0:46  Refinery  
  16  0:53  SCV  
  17  1:05  SCV  
  18  1:17  SCV  
  19  1:24  Refinery  
  19  1:29  Supply Depot  
  19  1:30  Reaper  
  19  1:31  Orbital Command  
  20  1:58  Factory  
  20  2:03  SCV  
  21  2:14  Barracks Reactor  
  21  2:15  SCV  
  22  2:33  Command Center  
  22  2:43  SCV  
  23  2:51  Starport  
  23  2:57  Hellion x2  
  23  2:58  SCV  
  28  3:03  Barracks Tech Lab  
  28  3:10  SCV  
  29  3:18  Hellion  
  31  3:22  Supply Depot  
  31  3:31  Stimpack  
  31  3:44  Hellion x2, SCV  
  31  3:46  Armory  
  36  3:48  Marine  
  37  3:57  Orbital Command  
  37  4:10  Hellion x2  
  37  4:14  Medivac  
  37  4:15  Marine  
  44  4:17  SCV  
  44  4:22  SCV  
  46  4:29  SCV  
  47  4:35  SCV  
  44  4:56  Hellion  
  44  4:57  Hellion  
  45  5:17  Marine  
  45  5:18  Hellion x2  
  41  5:34  Barracks  
  41  5:35  Barracks  
  41  5:37  Supply Depot, Barracks  
  41  5:38  Barracks  
  41  5:41  Supply Depot  
  41  5:43  Engineering Bay  
  41  5:44  SCV x2  
  41  5:49  Hellion x2  
  47  5:50  Combat Shields  
  47  5:51  Marine  
  47  5:53  Medivac  
  47  5:56  SCV  
  47  5:57  SCV  
  52  6:08  Marine, SCV  
  52  6:09  SCV  
  55  6:21  SCV  
  56  6:26  Marine  
  56  6:30  Barracks Reactor x3  
  56  6:31  Barracks Reactor  
  57  6:35  Terran Infantry Weapons Level 1  
  57  6:36  Supply Depot  
  57  6:39  Engineering Bay  
  57  6:40  Command Center  
  57  6:41  SCV  
  57  6:46  Starport Reactor  
  62  6:48  Widow Mine x2  
  62  6:52  Marauder  
  64  6:59  Supply Depot  
  64  7:08  Refinery, SCV x2  
  66  7:09  Marine x6  
  66  7:10  Marine x2, Refinery  
  66  7:13  Marine  
  66  7:15  Terran Infantry Armor Level 1  
  75  7:19  Widow Mine  
  75  7:20  SCV, Widow Mine  
  75  7:21  SCV  
  81  7:25  Supply Depot  
  81  7:27  Marine  
  82  7:32  Marine x3  
  82  7:33  Marine  
  86  7:46  Marine  
  86  7:47  Marine x2, Medivac x2  
  86  7:48  Widow Mine x2  
  86  7:50  Supply Depot  
  97  7:52  Marine x4  
  97  7:56  Marine  
  102  8:00  Missile Turret  
  102  8:03  SCV x2  
  104  8:07  Marine x3  
  104  8:12  Supply Depot  
  107  8:17  Missile Turret  
  107  8:19  Marine  
  108  8:20  Hellion x2  
  108  8:21  SCV x2  
  108  8:24  Orbital Command  
  114  8:31  Marine x4  
  118  8:36  Terran Infantry Weapons Level 2  
  118  8:44  Marine x2  
  118  8:45  Hellion  
  71  9:21  Marine  
  71  9:22  Marine x5  
  71  9:23  Marine, Marauder  
  71  9:24  Hellion x2  
  82  9:33  Command Center  
  82  9:36  Barracks  
  82  9:38  Barracks  
  82  9:39  Factory  
  82  9:40  Supply Depot  
  82  9:41  Supply Depot  
  82  9:42  Supply Depot  
  82  9:43  SCV  
  82  9:44  Refinery, Marauder  
  86  9:45  SCV  
  86  9:46  Marine  
  86  9:49  SCV  
  88  9:58  Terran Infantry Armor Level 2  
  88  10:01  Barracks Tech Lab  
  88  10:06  Marauder  
  90  10:19  SCV x2  
  90  10:20  SCV  
  93  10:26  Factory Reactor  
  93  10:27  Barracks Tech Lab, Marauder  
  93  10:28  Barracks Reactor  
  95  10:29  Marine x2  
  95  10:30  Marine x4  
  95  10:31  SCV  
  95  10:32  Missile Turret  
  102  10:38  Marine  
  102  10:40  Hellion x2  
  107  10:44  SCV  
  107  10:47  Marine x4  
  107  10:48  Marine, Medivac x2  
  117  10:53  Terran Infantry Weapons Level 3  
  117  10:55  Refinery  
  117  10:58  SCV x2  
  117  11:02  Planetary Fortress  
  108  11:29  Marine x5  
  108  11:30  Marine x4, Marauder  
  108  11:31  Marauder, Widow Mine x4  
  108  11:32  Medivac x2  
  124  11:37  SCV x2  
  128  11:41  Barracks  
  128  11:42  Concussive Shells  
  128  11:44  Terran Vehicle Weapons Level 1  
  128  11:47  Marine x6  
  128  11:48  Marauder  
  128  11:52  Marine x2, Marauder  
  128  11:53  Marine  
  141  11:56  SCV  
  141  11:59  Supply Depot, Widow Mine x2  
  141  12:00  Supply Depot  
  146  12:04  Refinery, Marine  
  146  12:05  Marine  
  146  12:06  Marine x4  
  146  12:07  Refinery  
  146  12:08  Medivac x2  
  156  12:09  Marine  
  156  12:10  Marine x3  
  156  12:14  Terran Infantry Armor Level 3  
  160  12:21  Marine  
  160  12:22  Marine x2  
  161  12:24  Marine x2  
  161  12:28  Barracks Reactor, Marauder  
  161  12:29  Marauder  
  169  12:30  Barracks  
  169  12:31  Marine  
  169  12:32  Marine x3  
  169  12:34  Widow Mine  
  175  12:39  Marine  
  175  12:40  Marine x2  
  175  12:41  Marine  
  144  13:22  Marine x4  
  144  13:23  Marine x7, Marauder x2  
  144  13:24  Marauder, Widow Mine x3  
  121  13:39  Medivac x2  
  121  13:40  Marine x6  
  129  13:44  Marine x2  
  129  13:45  Marauder x3  
  137  14:04  Marine x6  
  137  14:05  Marine  
  137  14:06  Marauder x3  
  137  14:09  Medivac, Barracks Tech Lab  
  152  14:20  Marine x3  
  152  14:22  Marine x3, Widow Mine x4  
  152  14:23  Medivac  
  168  14:27  Marauder  
  168  14:28  Marauder x2  
  166  14:39  Medivac  
  155  14:49  Marauder x3  
  141  14:55  Marine x3  
  141  14:56  Marine x4, Marauder  
  125  15:09  Marine x3  
  125  15:10  Marauder x3, Widow Mine x4  
  125  15:11  Medivac x2  
  125  15:13  Marine x3  
  125  15:14  Marine  
  133  15:16  Marine x3  
  133  15:18  Marauder  
  139  15:27  Marine x2  
  141  15:30  Marine, Barracks  
  141  15:31  Marine x4  
  141  15:32  Marauder x3  
  152  15:35  Command Center  
  152  15:36  Refinery  
  152  15:39  Marauder  
  152  15:40  Refinery  
  154  15:44  Marine x2  
  154  15:45  Marine x2, Widow Mine x3  
  164  15:53  Marauder x2  
  168  16:01  Missile Turret  
  168  16:08  Marine x3  
  168  16:09  Marine x7, Marauder x2  
  182  16:14  Marauder x2  
  182  16:17  SCV  
  187  16:26  Marine  
  188  16:47  Marine x3, Marauder  
  188  16:48  Marine x3, Marauder x2  
  123  17:25  Marine x8  
  123  17:26  Marauder x4  
  119  17:32  Medivac x2  
  115  17:38  Barracks  
  115  17:39  Starport  
  115  17:41  Barracks  
  115  17:43  Barracks  
  115  17:44  Marine x6  
  115  17:45  Marine x4, Widow Mine x3  
  115  17:46  Widow Mine  
  115  17:47  Marauder x4  
  141  17:52  Orbital Command  
  141  18:02  Marine x4, Medivac x2  
  141  18:04  Marine x2  
  151  18:08  Marauder x2  
  151  18:09  Marauder  
  144  18:55  Marine x3  
  126  19:22  Marine x7  
  126  19:23  Marauder x2  
  126  19:24  Starport Reactor, Medivac x2  
  130  19:26  Marine x3, Marauder  
  139  19:33  Marine x3  
  139  19:34  Marine  
  143  19:39  Marine x2  
  143  19:40  Marine x5  
  143  19:43  Marine, SCV x2  
  143  19:44  Marine, Marauder x2  
  140  19:54  Medivac x2  
  106  20:02  Marine x4  
  106  20:03  Marine x3, Marauder x2  
  106  20:06  Marauder x2  
  113  20:15  SCV  
  113  20:16  SCV x4  
  114  20:24  Marine x2, Marauder  
  114  20:25  Marine x5, Marauder  
  114  20:26  Widow Mine  
  114  20:27  Marauder x2  
  114  20:28  SCV x2  
  132  20:46  Marauder  
  132  20:47  Marauder  
  132  20:48  Marauder  
  101  21:38  Marine x5  
  101  21:39  Marine x6, Marauder x3  
  111  21:40  Marine  
Tags
 
Composition
MMM Bio
Matchup
TvZ
Add a new tag
Caveats
  • Supply blocks, unpowered buildings, or Contaminate may cause inaccurate times.
  • Supply counts are checked every 10 seconds.